 Dungeon Crawl Stone Soup version 0.19.0 (webtiles) character file.

260 Danakh the Covered (level 5, 46/47 HPs)
             Began as a Minotaur Fighter on Nov 7, 2016.
             Got out of the dungeon alive.
             The game lasted 00:06:00 (2442 turns).

Danakh the Covered (Minotaur Fighter)               Turns: 2442, Time: 00:06:00

Health: 46/47      AC:  9    Str: 22    XL:     5   Next: 95%
Magic:  4/4        EV:  6    Int:  5    God:
Gold:   212        SH:  9    Dex:  9    Spells: 0 memorised, 4 levels left

rFire  . . .     SeeInvis .     a - +0 war axe
rCold  . . .     Gourm    .     D - -2 chain mail (curse)
rNeg   . . .     Faith    .     c - +0 shield
rPois  .         Spirit   .     (helmet restricted)
rElec  .         Reflect  .     p - +0 cloak
rCorr  .         Harm     +     (no gloves)
MR     .....                    (no boots)
Stlth  ..........               l - amulet of harm
                                (no ring)
                                (no ring)

@: no status effects
A: retaliatory headbutt, horns 2
a: no special abilities


You escaped.
You were not hungry.

You visited 1 branch of the dungeon, and saw 3 of its levels.

You collected 212 gold pieces.

Inventory:

Hand Weapons
 a - a +0 war axe (weapon)
Armour
 b - a +0 scale mail
 c - a +0 shield (worn)
 p - a +0 cloak (worn)
 s - a +0 plate armour
 D - a cursed -2 chain mail (worn)
Jewellery
 l - an amulet of harm (around neck)
 A - an uncursed ring of fire
Wands
 z - a wand of lightning (9/15)
Scrolls
 h - a scroll of enchant weapon {unknown}
 j - 6 scrolls of identify {unknown}
 m - a scroll of amnesia {unknown}
 n - a scroll of magic mapping {unknown}
 r - 2 scrolls of enchant armour {unknown}
 u - a scroll of teleportation {unknown}
 v - a scroll of fear {unknown}
 y - 2 scrolls of noise {unknown}
 C - a scroll of remove curse {unknown}
Potions
 d - a potion of might
 e - a potion of brilliance {unknown}
 k - a potion of magic {unknown}
 o - a potion of berserk rage {unknown}
 q - 3 potions of haste {unknown}
 B - a potion of invisibility {unknown}
Books
 x - a book of Misfortune

   Spells                             Type                      Level
   a - Confusing Touch                Hexes                        1
   b - Confuse                        Hexes                        3
   c - Gell's Gravitas                Hexes/Translocation          3
   d - Petrify                        Transmutation/Earth          4
   e - Metabolic Englaciation         Hexes/Ice                    5
   f - Yara's Violent Unravelling     Hexes/Transmutation          5
Comestibles
 f - 2 bread rations
 g - 2 beef jerkies
 i - 3 meat rations
 t - 2 chunks of flesh
 w - a slice of pizza


   Skills:
 + Level 4.8 Fighting
 * Level 4.8 Axes
 + Level 5.0 Armour
 + Level 4.8 Shields


You had 4 spell levels left.
You didn't know any spells.

Dungeon Overview and Level Annotations

Branches:
Dungeon (3/15)

Altars:
Ru


Innate Abilities, Weirdness & Mutations

You reflexively headbutt those who attack you in melee.
You have a pair of horns on your head.


Message History

No target in view!
No target in view!
No target in view!
No target in view!
(D) Dungeon
Where to? (Enter - D:1 @ (x,y), ? - help)
There is a stone staircase leading up here.
You climb upwards.
There is a stone staircase leading down here.
There is a stone staircase leading up here.
You climb upwards.
There is a stone staircase leading down here.
You see here a rat skeleton.
Some of the chunks of flesh in your inventory have rotted away.
You see here a hunting sling.
Some of the chunks of flesh in your inventory have rotted away.
The black bear growls angrily.
The wolf howls!
The wyvern hisses angrily.
There is a staircase leading out of the dungeon here.
Are you sure you want to leave the Dungeon?
This will make you lose the game!
You have escaped!

#......###.8.......8.########
#.####.#...............# #
#.# ###.8..#######..8.# # #.#
#....#hhwls#....# # #.#
#.8..#######..8.# #
##.######...............# #
#.......###.............# #
#..######
##########....###### #..#
#@........###..... ####..#
########### ###### ......#
####.########################
#.....##...................#
#.....##.#################.#
#.......># #.##### #.....####
#....†. #.....# #######


There were no monsters in sight!

Vanquished Creatures
  Natasha (twice) (D:3)
  An orc wizard (D:3)
  4 gnolls (D:2)
  7 adders
  2 oozes
  4 worms
  4 orcs (D:3)
  3 ball pythons (D:3)
  4 giant cockroaches
  6 goblins
  7 hobgoblins
  3 jackals (D:2)
  4 kobolds
  A quokka (D:3)
  6 bats
  3 frilled lizards
  8 rats
69 creatures vanquished.

Notes
Turn   | Place    | Note
-------+----------+-------------------------------------------
     0 | D:1      | Danakh the Minotaur Fighter began the quest for the Orb.
     0 | D:1      | Reached XP level 1. HP: 19/19 MP: 0/0
     6 | D:1      | Noticed a swamp worm
     6 | D:1      | Noticed a wyvern
     6 | D:1      | Noticed a redback
     7 | D:1      | Noticed a black bear
     7 | D:1      | Noticed a wolf
   206 | D:1      | Reached XP level 2. HP: 27/27 MP: 1/1
   739 | D:2      | Reached skill level 4 in Armour
   742 | D:2      | Reached XP level 3. HP: 32/33 MP: 2/2
   832 | D:2      | Reached XP level 4. HP: 32/40 MP: 3/3
   943 | D:2      | Found a sacrificial altar of Ru.
  1732 | D:3      | Noticed Natasha
  1753 | D:3      | Killed Natasha
  1753 | D:3      | Reached XP level 5. HP: 6/47 MP: 4/4
  2271 | D:3      | Reached skill level 5 in Armour
  2365 | D:3      | Noticed Natasha
  2377 | D:3      | Killed Natasha
  2442 | D:$      | Got out of the dungeon alive.

Skill      XL: |  1  2  3  4  5 |
---------------+----------------+-----
Axes           | 3 4 |  4.8
Armour         | 4 5 |  5.0
Fighting       | 4 |  4.8
Shields        | 4 |  4.8

Action                   |  1- 3 |  4- 6 || total
-------------------------+-------+-------++-------
Melee: War axe           |    86 |   144 ||   230
       Headbutt          |     7 |    20 ||    27
  Eat: Chunk             |       |     5 ||     5
Armor: Scale mail        |    31 |       ||    31
       Plate armour      |    31 |    99 ||   130
       Chain mail        |       |     3 ||     3
Dodge: Dodged            |    24 |    31 ||    55
Block: Shield            |    47 |    79 ||   126
